 Dungeon Crawl Stone Soup version 0.29-a0-521-g59ce8b2d47 (webtiles) character file.

Game seed: 16974608529457855161

9734 Flugkiller the Spear-Bearer (level 11, -1/77 HPs)
             Began as an Octopode Cinder Acolyte on June 1, 2022.
             Was a Believer of Ignis.
             Slain by a yak (16 damage)
             ... on level 2 of the Lair of Beasts.
             The game lasted 00:23:20 (13903 turns).

Flugkiller the Spear-Bearer (OpCA)                 Turns: 13903, Time: 00:23:21

Health: -1/77      AC:  1    Str: 13    XL:     11   Next: 51%
Magic:  15/15      EV: 19    Int: 16    God:    Ignis [**....]
Gold:   601        SH:  3    Dex: 13    Spells: 3/16 levels left

rFire   + . .      SeeInvis .   A - +1 trident (vorpal)
rCold   . . .      Faith    .   B - +0 buckler
rNeg    . . .      Spirit   .   (helmet restricted)
rPois   .          Reflect  .   s - amulet of the acrobat
rElec   .          Harm     .   v - +4 ring of evasion
rCorr   +          Rampage  .   r - ring of resist corrosion
Will    .....                   (no ring)
Stlth   +++.......              (no ring)
HPRegen 0.22/turn               (no ring)
MPRegen 0.14/turn               (no ring)
                                (no ring)
                                (no ring)

@: no status effects
A: almost no armour, amphibious, 8 rings, camouflage 1, gelatinous body 1,
(nimble swimmer 1), tentacles
a: Renounce Religion, Fiery Armour, Foxfire Swarm, Rising Flame


You were on level 2 of the Lair of Beasts.
You worshipped Ignis.
Ignis was pleased with you.
You visited 2 branches of the dungeon, and saw 11 of its levels.
You also visited: Bailey.

You collected 601 gold pieces.

Inventory:

Hand Weapons
 g - a +0 morningstar
   (You found it on level 4 of the Dungeon)
 m - a +3 glaive of flaming
   (You took it off Maggie on level 7 of the Dungeon)
 A - a +1 vorpal trident (weapon)
   (You took it off a gnoll sergeant on level 9 of the Dungeon)
Armour
 w - a +0 kite shield of reflection
   (You took it off a gnoll sergeant on level 9 of the Dungeon)
 B - a +0 buckler (worn)
   (You took it off a gnoll sergeant on level 9 of the Dungeon)
Jewellery
 r - a ring of resist corrosion (right tentacle)
   (You found it on level 2 of the Lair of Beasts)
 s - an amulet of the acrobat (around mantle)
   (You found it on level 4 of the Dungeon)
 v - a +4 ring of evasion (left tentacle)
   (You found it on level 4 of the Dungeon)
Wands
 a - a wand of digging (8)
   (You found it on level 7 of the Dungeon)
 c - a wand of acid (8)
   (You found it on level 1 of the Lair of Beasts)
 h - a wand of mindburst (4)
   (You found it on level 9 of the Dungeon)
 p - a wand of iceblast (4)
   (You found it on level 3 of the Dungeon)
Scrolls
 t - 3 scrolls of teleportation
 x - 3 scrolls of enchant armour
 y - a scroll of fog
Potions
 b - a potion of mutation
 d - 2 potions of might
 e - 3 potions of magic
 f - 3 potions of attraction
 i - 2 potions of invisibility
 k - a potion of berserk rage {unknown}
 l - a potion of haste {unknown}
 n - 2 potions of resistance
 o - 4 potions of lignification
 q - 2 potions of curing
 u - a potion of flight {unknown}
Miscellaneous
 j - a tin of tremorstones (2/2)
   (You found it on level 1 of the Lair of Beasts)


   Skills:
 - Level 8.0 Fighting
 - Level 10.0 Polearms
 - Level 7.0 Dodging
 - Level 4.0 Stealth
 - Level 3.0 Spellcasting
 - Level 1.0 Summonings
 - Level 5.5 Transmutations
 - Level 3.0 Fire Magic
 + Level 7.8 Earth Magic
 - Level 3.0 Evocations


You had 3 spell levels left.
You knew the following spells:

 Your Spells              Type           Power      Damage    Failure   Level
a - Scorch                Fire           24%        2d6       11%         2
b - Summon Mana Viper     Hex/Summ       4%         N/A       99%         5
c - Statue Form           Tmut/Erth      15%        N/A       94%         6

Your spell library contained the following spells:

 Spells                   Type           Power      Damage    Failure   Level
 Foxfire                  Conj/Fire      28%        2x1d5     14%         1
 Summon Small Mammal      Summ           20%        N/A       17%         1
 Ignite Poison            Fire/Tmut/Pois 11%        N/A       24%         3
 Apportation              Tloc           4%         N/A       26%         1
 Necrotize                Necr           8%         1d4       26%         1
 Inner Flame              Hex/Fire       7%         N/A       38%         3
 Mephitic Cloud           Conj/Pois/Air  2%         N/A       58%         3
 Portal Projectile        Hex/Tloc       4%         N/A       58%         3
 Lee's Rapid Deconstruct  Erth           13%        3d10*     28%         5
 Leda's Liquefaction      Hex/Erth       7%         N/A       45%         4
 Fulminant Prism          Conj/Hex       1%         3d6       94%         4
 Iskenderun's Mystic Bla  Conj/Tloc      2%         2d3       94%         4
 Passage of Golubria      Tloc           2%         N/A       94%         4
 Fireball                 Conj/Fire      3%         3d4       98%         5
 Summon Forest            Summ/Tloc      2%         N/A       99%         5
 Freezing Cloud           Conj/Ice/Air   1%         6-21      100%        5
 Summon Cactus Giant      Summ           2%         N/A       100%        6
 Disjunction              Tloc           1%         N/A       100%        8


Dungeon Overview and Level Annotations

Branches:
Dungeon (9/15)             Temple (0/1) D:6            Lair (1/6) D:9
  Swamp (0/4) Lair:2        Snake (0/4) Lair:2       Bailey (visited)
    Orc: D:9-12

Altars:
Fedhas
Kikubaaqudgha
Okawaru
Sif Muna
Vehumet

Annotations:
D:2 1 runed translucent door, Crazy Yiuf
D:4 3 runed translucent doors, supermoro's ghost, novice GrFi
D:6 exclusion: ogre
D:7 exclusion: shadow, Joseph
D:9 exclusion: acid dragon
Lair:1 Erica; Gastronok; Grum
Lair:2 Prince Ribbit


Innate Abilities, Weirdness & Mutations

You cannot wear most types of armour.
You are amphibious.
You can wear up to eight rings at the same time.
Your skin changes colour to match your surroundings (Stealth+).
Your rubbery body absorbs attacks. (AC +1, EV +1)
((You are camouflaged when in or above water. (Stealth+)))
You have tentacles for arms and can constrict up to eight enemies at once.


Message History

You closely miss the yak.
The yak is moderately wounded.
The yak completely misses you.
You hit the yak.
The yak is heavily wounded.
A yak comes into view.
The yak misses you.
The yak bellows!
You hit the yak.
The yak is heavily wounded.
The yak misses you.
You hit the yak but do no damage.
The yak is heavily wounded.
You hit the yak. You squeeze the yak!
The yak is almost dead.
The yak gores you. The yak attacks as you move away! The yak gores you!
The yak completely misses you. The yak attacks as you move away!
The yak closely misses you. The yak attacks as you move away!
The yak misses you.
The yak gores the plant!
The plant begins to die.
The yak gores the plant!
The yak attacks as you move away! You block the yak's attack.
You see here a yak skeleton.
You barely miss the yak. Your squeeze misses the yak.
The yak is severely wounded.
The yak completely misses you.
You puncture the yak!
You kill the yak!
Okay, then.
Okay, then.
Okay, then.
Unknown command.
You reach to attack!
You puncture the yak!
The yak is moderately wounded.
You hit the yak. Your squeeze misses the yak.
The yak is moderately wounded.
The yak gores you!
You hit the yak but do no damage.
The yak is moderately wounded.
The yak closely misses you.
You puncture the yak! You squeeze the yak!
The yak is almost dead.
The yak gores you.
You hit the yak.
The yak is almost dead.
The yak closely misses you.
You barely miss the yak. You squeeze the yak.
You kill the yak!
You hit the yak. You squeeze the yak.
The yak is moderately wounded.
You hit the yak but do no damage. Your squeeze misses the yak.
The yak is moderately wounded.
The yak gores you!
You are too injured to fight recklessly!
You are too injured to fight recklessly!
You puncture the yak!
The yak is heavily wounded.
The yak completely misses you.
You hit the yak.
The yak is severely wounded.
The yak gores you!
You puncture the yak!
The yak is almost dead.
The yak barely misses you.
You barely miss the yak. You squeeze the yak, but do no damage.
The yak is almost dead.
The yak gores you.
You hit the yak.
You kill the yak!
You hit the yak.
The yak is lightly wounded.
You barely miss the yak. You squeeze the yak.
The yak is lightly wounded.
The yak misses you.
You barely miss the yak. Your squeeze misses the yak.
The yak is lightly wounded.
The yak gores you!
* * * LOW HITPOINT WARNING * * *
Throw: dart (curare)
Press: ? - help, Q - select action, (/) - cycle Shift-Dir - straight line, f - yak
Aim: a yak (lightly wounded, 72% to hit)
You throw a curare-tipped dart. The curare-tipped dart hits the yak.
The yak is poisoned.
The yak convulses.
The yak seems to slow down.
The yak is moderately wounded.
The yak gores you!
* * * LOW HITPOINT WARNING * * *
Unknown command.
You feel better. The yak closely misses you.
You hit the yak.
The yak is moderately wounded.
You barely miss the yak.
The yak is heavily wounded.
The yak closely misses you.
You completely miss the yak. You squeeze the yak, but do no damage.
The yak is heavily wounded.
You hit the yak.
The yak is severely wounded.
The yak gores you!
You die...

.............YY........#.......#.
..[.......###.YP......###.#P.#...
......#....####.......#########.)
........#### ##.......# #..
..?...#.# ##..#.#.## #..
.#.$.....# #..##...P# ##.
h....#...# #..###..## ##
≈..##...## #Y## #..# # §.. #P#.#
#@# ##..# §. ##### ##.# #..P# .
#..# ##.## . #..# #.# #.#####.##
#....#...# #.#...##.## ##.......#
##.#...##


You could see a yak (very poisoned, slow).

Vanquished Creatures
  A centaur warrior (D:9)
  An elephant (D:9)
  A black mamba (Lair:1)
  Maggie (D:7)
  A cane toad (Lair:1)
  A komodo dragon (Lair:1)
  A slime creature (D:9)
  A shadow (D:9)
  17 yaks
  A wraith (D:9)
  A basilisk (D:9)
  2 wyverns
  4 steam dragons
  Menkaure (D:6)
  A water moccasin (D:6)
  An acid dragon (D:9)
  3 ice beasts
  2 black bears
  An ogre (D:5)
  6 wolves (Lair:1)
  A wolf (shapeshifter) (D:9)
  3 phantoms
  3 centaurs
  3 kobold brigands
  3 gnoll sergeants (D:9)
  9 bullfrogs
  2 necrophages (D:6)
  2 scorpions
  A wight (D:8)
  A howler monkey (D:9)
  2 gnoll shamans
  2 orc priests (D:5)
  2 jellies
  An iguana (D:5)
  Natasha (twice) (D:4)
  5 orc wizards
  6 gnolls
  10 adders
  3 white imps
  An ufetubus (D:4)
  6 dart slugs
  19 orcs
  9 endoplasms
  7 giant cockroaches
  7 goblins
  4 hobgoblins
  6 jackals
  4 quokkas
  3 ball pythons
  7 bats
  2 frilled lizards
  20 kobolds
  6 rats
210 creatures vanquished.

Vanquished Creatures (others)
  A centaur (D:9)
  An orc priest (D:7)
  A gnoll shaman (D:9)
  A shadow imp (D:7)
  An orc (D:7)
  A kobold (D:8)
  33 foxfires
  3 fungi
  6 plants
48 creatures vanquished.

Grand Total: 258 creatures vanquished

Notes
Turn   | Place    | Note
-------+----------+-------------------------------------------
     0 | D:1      | Flugkiller the Octopode Cinder Acolyte began the quest for
                  | the Orb.
     0 | D:1      | Reached XP level 1. HP: 16/16 MP: 2/2
    86 | D:1      | Reached skill level 1 in Stealth
   202 | D:1      | Reached skill level 1 in Dodging
   202 | D:1      | Reached XP level 2. HP: 18/21 MP: 3/3
   669 | D:1      | Found a faded altar of an unknown god.
   723 | D:1      | Reached XP level 3. HP: 23/26 MP: 4/4
  1545 | D:2      | Reached XP level 4. HP: 30/31 MP: 5/5
  1834 | D:2      | Found a runed translucent door.
  1835 | D:2      | Noticed Crazy Yiuf
  2647 | D:3      | Reached XP level 5. HP: 21/36 MP: 6/6
  2768 | D:3      | Learned a level 2 spell: Scorch
  3262 | D:4      | Noticed a phantom
  3278 | D:4      | Killed a phantom
  3279 | D:4      | Reached skill level 5 in Dodging
  3279 | D:4      | Reached XP level 6. HP: 21/42 MP: 5/7
  3491 | D:4      | Reached skill level 1 in Evocations
  3786 | D:4      | Found a runed translucent gate.
  3786 | D:4      | Noticed supermoro's ghost (novice GrFi)
  3787 | D:4      | Found a runed translucent gate.
  3788 | D:4      | Found a runed translucent gate.
  3798 | D:4      | Noticed Natasha
  3813 | D:4      | Killed Natasha
  4073 | D:4      | Noticed Natasha
  4097 | D:4      | Killed Natasha
  4187 | D:5      | Entered Level 5 of the Dungeon
  4488 | D:5      | Reached XP level 7. HP: 47/49 MP: 5/8
  4493 | D:5      | Reached skill level 5 in Fighting
  4613 | D:5      | Reached XP level 8. HP: 57/57 MP: 9/9
  5303 | D:6      | Found a staircase to the Ecumenical Temple.
  5551 | D:6      | Got the Almanac of the Traveller and Flames
  5872 | D:6      | Found a shimmering blue altar of Sif Muna.
  5872 | D:6      | Found a blossoming altar of Fedhas.
  5880 | D:6      | Found an iron altar of Okawaru.
  5882 | D:6      | Found a radiant altar of Vehumet.
  5884 | D:6      | Found a faded altar of an unknown god.
  5926 | D:6      | Noticed Menkaure
  5938 | D:6      | Killed Menkaure
  6613 | D:7      | Noticed Maggie
  6626 | D:7      | Killed Maggie
  6627 | D:7      | Reached skill level 5 in Polearms
  6627 | D:7      | Reached XP level 9. HP: 40/64 MP: 10/10
  6678 | D:7      | Found a flagged portal.
  6713 | Bailey   | Entered a bailey
  6943 | D:7      | Reached skill level 6 in Polearms
  7183 | D:7      | Noticed Joseph
  7267 | D:7      | Reached skill level 7 in Polearms
  7815 | D:8      | Reached skill level 8 in Polearms
  7877 | D:8      | Found an ancient bone altar of Kikubaaqudgha.
  7893 | D:8      | Learned a level 5 spell: Summon Mana Viper
  7951 | D:8      | Got the Papyrus of Warped Fire
  8424 | D:8      | Reached XP level 10. HP: 58/72 MP: 11/11
  8554 | D:8      | Reached skill level 9 in Polearms
  9101 | D:8      | Reached skill level 10 in Polearms
  9451 | D:9      | Reached skill level 1 in Summonings
  9458 | D:9      | Learned a level 6 spell: Statue Form
  9722 | D:9      | Noticed an elephant
  9909 | D:8      | Reached skill level 1 in Transmutations
  9909 | D:8      | Reached skill level 1 in Earth Magic
 10011 | D:9      | Noticed a centaur warrior
 10303 | D:9      | Noticed a fire dragon
 10983 | D:9      | Killed a centaur warrior
 11191 | D:9      | Reached XP level 11. HP: 41/77 MP: 15/15
 11653 | D:9      | Reached skill level 5 in Transmutations
 11653 | D:9      | Reached skill level 5 in Earth Magic
 12010 | D:9      | Found a staircase to the Lair.
 12030 | D:9      | Noticed a centaur warrior
 12031 | D:9      | Noticed a deep elf pyromancer
 12311 | Lair:1   | Entered Level 1 of the Lair of Beasts
 13004 | Lair:1   | Noticed Grum
 13023 | Lair:1   | Noticed Erica
 13074 | Lair:1   | Noticed Gastronok
 13124 | Lair:1   | Noticed a seven-headed hydra
 13154 | Lair:1   | Noticed a five-headed hydra
 13506 | Lair:1   | You fall into a shaft and drop 1 floor!
 13506 | Lair:2   | Noticed Prince Ribbit
 13508 | Lair:2   | Found a staircase to the Snake Pit.
 13849 | Lair:2   | Found a staircase to the Swamp.
 13849 | Lair:2   | Noticed a bog body
 13903 | Lair:2   | Slain by a yak

Illustrated notes

Levels and vault maps discovered:
D:1:      dpeg_arrival_rhombi, layout_basic, shapermc_ecumenical_altar_acropolis
D:2:      layout_basic, serial_co_window_serial, co_window_paths_a,
          co_window_corner_a, co_window_corner_a, co_window_paths_a,
          co_window_corner_a, co_window_corner_a, co_window_paths_a,
          co_window_corner_b, co_window_corner_b, co_window_2corner,
          co_window_paths_d, glass_columns_c, glass_columns_b, glass_columns_a,
          glass_columns_b, glass_columns_a, hex_tiny, uniq_crazy_yiuf_cottage
D:3:      layout_basic
D:4:      layout_gridville, gammafunk_ghost_nasty_kobolds,
          kennysheep_pointless_box, uniq_natasha
D:5:      layout_rooms
D:6:      layout_loops_ring, chequers_temple_overflow_minitemple,
          minmay_temple_entry_statues_pillars, uniq_menkaure
D:7:      layout_gridville, grunt_temple_overflow_holy_war, enter_bailey_2,
          minmay_crystal_room, uniq_joseph, uniq_maggie
D:8:      layout_rooms, kennysheep_mini, chequers_arboretum
D:9:      cheibrodos_fzero, layout_rooms, david_lair_generic,
          lightli_fourway_metalbox
Lair:1:   layout_chaotic_city, chequers_serial_rivers_micro_b,
          grunt_megastairs_5, uniq_erica, uniq_gastronok, uniq_grum
Lair:2:   layout_misc_corridors, skrybe_swamp_entry_bodies,
          guppyfry_snake_entry_garden, lemuel_fruit_fields, grunt_megastairs_1,
          serial_bayou_shore_b, uniq_prince_ribbit2

Skill      XL: |  1  2  3  4  5  6  7  8  9 10 11 |
---------------+----------------------------------+-----
Stealth        | 1 2 4 |  4.0
Dodging        | 1 2 3 4 5 7 |  7.0
Evocations     | 2 3 |  3.0
Fighting       | 4 6 7 8 |  8.0
Polearms       | 5 8 10 | 10.0
Spellcasting   | 3 |  3.0
Summonings     | 1 |  1.0
Transmutations | 4 5 |  5.5
Earth Magic    | 4 7 |  7.8
Fire Magic     | |  3.0

Action                   |  1- 3 |  4- 6 |  7- 9 | 10-12 || total
-------------------------+-------+-------+-------+-------++-------
Melee: Spear             |    91 |   136 |   115 |       ||   342
       Tentacles         |    14 |    24 |    49 |    65 ||   152
       Constrict         |    12 |    29 |    23 |    25 ||    89
       Punch             |     1 |     4 |     8 |     3 ||    16
       Halberd           |       |       |    11 |       ||    11
       Glaive            |       |       |    92 |   146 ||   238
       Trident           |       |       |       |   124 ||   124
Throw: Dart              |       |       |       |     3 ||     3
 Cast: Scorch            |       |     5 |    23 |     2 ||    30
Invok: Fiery Armour      |       |     2 |     2 |       ||     4
       Foxfire Swarm     |       |       |     2 |     1 ||     3
Evoke: Wand              |       |     1 |     6 |     9 ||    16
  Use: Scroll            |       |     6 |     8 |    13 ||    27
       Potion            |       |       |     2 |     9 ||    11
 Stab: Sleeping          |     6 |    13 |     5 |     4 ||    28
       Paralysed         |       |       |     5 |       ||     5
       Distracted        |       |       |     1 |       ||     1
       Invisible         |       |       |       |     3 ||     3
Armor: Skin              |     6 |     5 |    21 |    10 ||    42
Dodge: Dodged            |    35 |    76 |   198 |   287 ||   596
Block: Buckler           |       |       |       |    12 ||    12

Table legend: (Time is in decaauts)
 A = Elapsed time spent in this place.
 B = Non-inter-level travel time spent in this place.
 C = Inter-level travel time spent in this place.
 D = Time resting spent in this place.
 E = Time spent auto-exploring this place.
 F = Levels seen in this place.
 G = Mean time per level.
                   A        B        C        D        E       F      G
               +--------+--------+--------+--------+--------+-----+--------+
         Total |  13974 |  13514 |    460 |   5991 |   4431 |  12 | 1164.5 |
       Dungeon |  12384 |  11924 |    460 |   5085 |   4335 |   9 | 1376.0 |
          Lair |   1577 |   1577 |      0 |    906 |     96 |   2 |  788.5 |
        Bailey |     12 |     12 |      0 |      0 |      0 |   1 |   12.0 |
               +--------+--------+--------+--------+--------+-----+--------+

Top non-repeatable levels by time:
     D:8: 3317 daAuts
     D:6: 1621 daAuts
     D:7: 1411 daAuts
     D:1: 1260 daAuts
  Lair:1: 1187 daAuts
     D:2: 1121 daAuts
     D:9: 1052 daAuts
     D:4: 1027 daAuts
     D:5: 796 daAuts
     D:3: 776 daAuts
  Lair:2: 389 daAuts
  Bailey: 12 daAuts
